 Dungeon Crawl Stone Soup version 0.22-a0-422-g9628fc8 (webtiles) character file.

72 raistware the Magician (level 4, -2/30 HPs)
             Began as a Mummy Wizard on May 18, 2018.
             Slain by an orc warrior
             ... wielding a +0 mace
              (8 damage)
             ... on level 2 of the Dungeon.
             The game lasted 00:06:28 (1673 turns).

raistware the Magician (Mummy Wizard)               Turns: 1673, Time: 00:06:28

Health: -2/30      AC:  6    Str: 13    XL:     4   Next: 6%
Magic:  4/10       EV: 11    Int: 18    God:
Gold:   37         SH:  0    Dex: 10    Spells: 3/11 levels left

rFire    x . .     SeeInvis +   h - +0 hand axe
rCold    + . .     Gourm    .   (no shield)
rNeg     + + +     Faith    .   d - +3 leather armour
rPois    ∞         Spirit   .   b - +0 hat
rElec    .         Reflect  .   (no cloak)
rCorr    .         Harm     .   (no gloves)
MR       .....                  (no boots)
Stlth    +.........             (no amulet)
HPRegen  0.10/turn              g - ring of see invisible
MPRegen  0.12/turn              k - +3 ring of strength

@: very slightly contaminated
A: no food or potions, fire vulnerability, cold resistance 1, negative energy
resistance 3, torment resistance, unbreathing
a: no special abilities


You were on level 2 of the Dungeon.
You were not hungry.

You visited 1 branch of the dungeon, and saw 2 of its levels.

You collected 37 gold pieces.

Inventory:

Hand Weapons
 h - a +0 hand axe (weapon)
Missiles
 l - 5 tomahawks (quivered)
Armour
 a - a +0 robe
 b - a +0 hat (worn)
 d - a +3 leather armour (worn)
Jewellery
 g - a ring of see invisible (left hand)
 k - a +3 ring of strength (right hand)
Wands
 j - a wand of iceblast (8)
Scrolls
 c - a scroll of enchant armour {unknown}
 e - a scroll of magic mapping {unknown}
 f - 2 scrolls of identify {unknown}
 i - a scroll of fear {unknown}


   Skills:
 + Level 1.1 Armour
 + Level 1.7 Dodging
 + Level 1.7 Stealth
 + Level 4.1 Spellcasting
 + Level 2.3 Conjurations
 - Level 1.0 Summonings
 - Level 1.0 Translocations
 + Level 0.4 Fire Magic


You had 3 spell levels left.
You knew the following spells:

 Your Spells              Type           Power        Failure   Level  Hunger
a - Magic Dart            Conj           ##..         7%          1    N/A
b - Blink                 Tloc           N/A          19%         2    N/A
c - Call Imp              Summ           #.......     19%         2    N/A
d - Conjure Flame         Conj/Fire      #.......     32%         3    N/A

Your spell library contained the following spells:

 Spells                   Type           Power        Failure   Level  Hunger
 Slow                     Hex            #.......     28%         2    N/A
 Mephitic Cloud           Conj/Pois/Air  #.......     38%         3    N/A

Dungeon Overview and Level Annotations

Branches:
Dungeon (2/15)

Altars:
Okawaru


Innate Abilities, Weirdness & Mutations

You do not eat or drink.
Your flesh is vulnerable to fire.
You are immune to poison.
Your flesh is cold resistant. (rC+)
You are immune to negative energy. (rN+++)
You are immune to unholy pain and torment.
You can survive without breathing.


Message History

You start resting.
An orc warrior comes into view. It is wielding a mace.
Casting: Magic Dart (safe; 7% risk of failure)
Confirm with . or Enter, or press ? or * to list all spells.
Aiming: Conjure Flame (safe; 32% risk of failure)
Press: ? - help, Dir - move target cursor You miscast Conjure Flame.
You are very lightly contaminated with residual magic.
You feel a strange surge of energy!
Casting: Conjure Flame (safe; 32% risk of failure)
Confirm with . or Enter, or press ? or * to list all spells.
A beastly little devil appears in a puff of flame.
The orc warrior hits you with a mace!
* * * LOW HITPOINT WARNING * * *
Your crimson imp blinks!
Casting: Call Imp (safe; 19% risk of failure)
Confirm with . or Enter, or press ? or * to list all spells.
A beastly little devil appears in a puff of flame.
The orc warrior hits you with a mace!
You die...

........#.).).#..#
...##....##.._..##.# ###
#.....#.).).#..#
##.............# ###
#..#...###...## ..#
#..#...÷#....# #.#
#..#....÷....# #.#
##5.÷o........# #.#
#####..5@#........# #.##
##......#.#o.......#
##..####..###..#..........#
....†..........#..#########
.##..###.###..##..# ####.#
#.# #.###..## # #.....# #.
#...# # ....... #. #.#.# .
..####.#......#.#####


You could see an orc warrior and 2 friendly crimson imps.

Vanquished Creatures
  2 adders (D:2)
  An ooze (D:1)
  2 dart slugs
  A leopard gecko (D:1)
  3 orcs (D:2)
  2 giant cockroaches
  5 goblins
  5 hobgoblins
  3 kobolds (D:1)
  A quokka (D:2)
  A ball python (D:1)
  6 bats
  5 frilled lizards
  4 rats (D:1)
41 creatures vanquished.

Vanquished Creatures (collateral kills)
  An orc (D:2)
  A kobold (D:2)
2 creatures vanquished.

Grand Total: 43 creatures vanquished

Notes
Turn   | Place    | Note
-------+----------+-------------------------------------------
     0 | D:1      | raistware the Mummy Wizard began the quest for the Orb.
     0 | D:1      | Reached XP level 1. HP: 13/13 MP: 5/5
     3 | D:1      | Noticed a minotaur zombie
     5 | D:1      | Noticed a ghoul
     8 | D:1      | Noticed a ghoul
    12 | D:1      | Noticed a minotaur skeleton
    14 | D:1      | Noticed a merfolk zombie
    16 | D:1      | Noticed a centaur
    49 | D:1      | Reached skill level 1 in Conjurations
   343 | D:1      | Reached XP level 2. HP: 11/19 MP: 0/7
   347 | D:1      | Learned a level 2 spell: Blink
   350 | D:1      | Learned a level 2 spell: Call Imp
  1058 | D:1      | Reached XP level 3. HP: 23/24 MP: 6/8
  1059 | D:1      | Reached skill level 1 in Armour
  1067 | D:1      | Learned a level 3 spell: Conjure Flame
  1265 | D:2      | Found an iron altar of Okawaru.
  1330 | D:2      | Reached skill level 1 in Summonings
  1478 | D:2      | Reached skill level 1 in Translocations
  1498 | D:2      | HP: 1/24 [kobold (3)]
  1511 | D:2      | Reached XP level 4. HP: 3/30 MP: 0/10
  1654 | D:2      | Noticed an orc warrior
  1673 | D:2      | Slain by an orc warrior

Vault maps used:
D:1:      shiori_arrival_whats_in_store_for_you, serial_curves, eino_curves_02,
          eino_curves_01
D:2:      lemuel_round_altar, old_standard_altar, okawaru_ov_weapons_minmay

Skill      XL: |  1  2  3 |
---------------+----------+-----
Conjurations   | 1 2 |  2.3
Armour         | 1 |  1.1
Summonings     | 1 |  1.0
Translocations | 1 |  1.0
Dodging        | |  1.7
Stealth        | |  1.7
Spellcasting   | |  4.1
Fire Magic     | |  0.4

Action                   |  1- 3 |  4- 6 || total
-------------------------+-------+-------++-------
Melee: Unarmed           |     4 |       ||     4
       Dagger            |    16 |       ||    16
       Hand axe          |    36 |     3 ||    39
 Cast: Magic Dart        |    76 |     4 ||    80
       Call Imp          |     2 |     2 ||     4
 Stab: Sleeping          |     3 |       ||     3
Armor: Robe              |     4 |       ||     4
       Leather armour    |    41 |     2 ||    43
Dodge: Dodged            |    52 |     4 ||    56

Table legend:
 A = Spawn XP
 B = Non-spawn XP
 C = Spawn XP percentage of total XP
 D = Spawn monster count
 E = Non-spawn monster count
 F = Spawn count percentage of total count
 G = Total turns spent on level
                    A         B        C        D         E        F      G
               +---------+---------+-------+---------+---------+-------+---------
         Total |       0 |     103 |   0.0 |       0 |      43 |   0.0 |  1673
               +---------+---------+-------+---------+---------+-------+---------
           D:1 |       0 |      45 |   0.0 |       0 |      25 |   0.0 |  1202
           D:2 |       0 |      58 |   0.0 |       0 |      18 |   0.0 |   471
               +---------+---------+-------+---------+---------+-------+---------
